 Dungeon Crawl Stone Soup version 0.28.0-43-g3370ac3207 (webtiles) character file.

Game seed: 17579414500248077009

4 smarlow the Magician (level 1, 0/15 HPs)
             Began as a Djinni Conjurer on Mar 6, 2022.
             Slain by a jackal (2 damage)
             ... on level 1 of the Dungeon.
             The game lasted 00:00:26 (220 turns).

smarlow the Magician (Djinni Conjurer)               Turns: 220, Time: 00:00:26

Health: 0/15       AC:  2    Str:  6    XL:     1   Next: 77%
Gold:   27         EV: 12    Int: 19    God:
                   SH:  0    Dex: 11

rFire   + + .      SeeInvis .   (no weapon)
rCold   x . .      Faith    .   (no shield)
rNeg    . . .      Spirit   .   a - +0 robe
rPois   ∞          Reflect  .   (no helmet)
rElec   .          Harm     .   (no cloak)
rCorr   .          Rampage  .   (no gloves)
Will    .....                   (boots unavailable)
Stlth   ++........              (no amulet)
HPRegen 0.05/turn               (no ring)
MPRegen 0.00/turn               (no ring)

@: flying
A: sickness immunity, fire resistance 2, cold vulnerability 1, float, innate
caster, HP casting, extra vitality 1
a: no special abilities


You were on level 1 of the Dungeon.
You visited 1 branch of the dungeon, and saw 1 of its levels.

You collected 27 gold pieces.

Inventory:

Armour
 a - a +0 robe (worn)


   Skills:
 - Level 2.1 Dodging
 - Level 1.5 Stealth
 + Level 3.4 Spellcasting


You couldn't memorise any spells.
You knew the following spells:

 Your Spells              Type           Power      Damage    Failure   Level
a - Magic Dart            Conj           64%        1d6       3%          1
b - Searing Ray           Conj           32%        2d5       5%          2
c - Dazzling Flash        Conj/Hex       32%        N/A       11%         3
d - Fulminant Prism       Conj/Hex       8%         3d7       34%         4
e - Iskenderun's Mystic   Conj/Tloc      16%        2d5       34%         4
Your spell library was empty.

Dungeon Overview and Level Annotations

Branches:
Dungeon (1/15)

Altars:


Innate Abilities, Weirdness & Mutations

You are immune to sickness and miasma.
You are immune to poison.
Your flesh is very heat resistant. (rF++)
You are vulnerable to cold. (rC-)
You float through the air rather than walking.
You learn spells naturally, not from books.
Your magical power is your life essence.
You have superior vitality. (+4 MHP)


Message History

The jackal is almost dead.
A jackal is nearby!
The magic dart hits the jackal.
You kill the jackal!
You can't see any susceptible monsters within range! (Use Z to cast anyway.)
You see here a jackal corpse. 2 jackals come into view.
The jackal barks! x2
There are monsters nearby!
There are monsters nearby!
There are monsters nearby!
The magic dart hits the jackal.
The jackal is lightly wounded.
A jackal comes into view.
The magic dart hits the jackal but does no damage.
The jackal is lightly wounded.
The magic dart hits the jackal.
The jackal is severely wounded.
The jackal closely misses you. The jackal barely misses you.
The magic dart hits the jackal.
The jackal is almost dead.
The jackal closely misses you. The jackal bites you.
The magic dart hits the jackal.
You kill the jackal!
The jackal closely misses you.
The magic dart hits the jackal but does no damage.
The jackal bites you. x2
* * * LOW HITPOINT WARNING * * *
You are too injured to fight recklessly!
You are too injured to fight recklessly!
The jackal bites you.
* * * LOW HITPOINT WARNING * * *
You see here a jackal corpse.
The jackal bites you.
* * * LOW HITPOINT WARNING * * *
You don't have enough health to cast this spell.
You don't have enough health to cast this spell.
The jackal bites you but does no damage.
The jackal bites you.
You die...

#####################
#†.†.....hh@........#..
#.#################.#.#
#. #########.#.# #.
........#.#.# ..
........#.#.# #.
.........#.#.# ..
.†.........#.# ##
.........###.#
.....†.......#


You could see 2 jackals.

Vanquished Creatures
  A hobgoblin (D:1)
  2 jackals (D:1)
  A ball python (D:1)
4 creatures vanquished.

Notes
Turn   | Place    | Note
-------+----------+-------------------------------------------
     0 | D:1      | smarlow the Djinni Conjurer began the quest for the Orb.
     0 | D:1      | Reached XP level 1. HP: 15/15 MP: 0/0
   220 | D:1      | Slain by a jackal

Illustrated notes

Levels and vault maps discovered:
D:1:      heliophobic_arrival_enchanted_forest, layout_basic,
          minmay_indecisive_spiral

Action                   || total
-------------------------++-------
 Cast: Magic Dart        ||    13
Armor: Robe              ||     1
Dodge: Dodged            ||     4
